 Dungeon Crawl Stone Soup version 0.29-a0-541-gaf1fc19f1b (webtiles) character file.

Game seed: 11594723198535580614

8 Nedwor the Twirler (level 2, 15/25 HPs)
             Began as a Minotaur Gladiator on June 2, 2022.
             Quit the game on level 1 of the Dungeon.
             The game lasted 00:00:15 (74 turns).

Nedwor the Twirler (Minotaur Gladiator)               Turns: 74, Time: 00:00:16

Health: 15/25      AC:  3    Str: 18    XL:     2   Next: 0%
Magic:  1/1        EV: 12    Int:  5    God:
Gold:   23         SH:  0    Dex: 11    Spells: 1/1 levels left

rFire   . . .      SeeInvis .   a - +0 quarterstaff
rCold   . . .      Faith    .   (shield currently unavailable)
rNeg    . . .      Spirit   .   b - +0 leather armour
rPois   .          Reflect  .   c - +0 hat
rElec   .          Harm     .   (no cloak)
rCorr   .          Rampage  .   (no gloves)
Will    .....                   (no boots)
Stlth   +.........              (no amulet)
HPRegen 0.08/turn               (no ring)
MPRegen 0.07/turn               (no ring)

@: no status effects
A: horns 2, retaliatory headbutt
a: no special abilities


You were on level 1 of the Dungeon.
You visited 1 branch of the dungeon, and saw 1 of its levels.

You collected 23 gold pieces.

Inventory:

Hand Weapons
 a - a +0 quarterstaff (weapon)
Missiles
 d - 3 throwing nets (quivered)
 e - a javelin
Armour
 b - a +0 leather armour (worn)
 c - a +0 hat (worn)
Scrolls
 f - a scroll of poison {unknown}


   Skills:
 + Level 2.7 Fighting
 * Level 4.1 Staves
 - Level 2.0 Throwing
 - Level 3.2 Dodging


You had one spell level left.
You didn't know any spells.
Your spell library was empty.

Dungeon Overview and Level Annotations

Branches:
Dungeon (1/15)

Altars:


Innate Abilities, Weirdness & Mutations

You have a pair of horns on your head.
You reflexively headbutt those who attack you in melee.


Message History

A goblin is nearby!
A goblin is nearby!
A goblin is nearby!
The goblin closely misses you. You furiously retaliate!
You headbutt the goblin!
You kill the goblin!
No target in view!
No target in view!
No target in view!
You see here a +0 club.
A ball python comes into view.
Found a robe.
A ball python is nearby!
A ball python is nearby!
A kobold comes into view. It is wielding a +0 club.
The kobold shouts!
A quokka comes into view.
The ball python barely misses you. The ball python grabs you.
The ball python constricts you.
You sock the ball python!
You kill the ball python!
Your Staves skill increases to level 4!
The kobold hits you but does no damage.
You sock the kobold!
You kill the kobold!
The quokka bites you but does no damage.
You completely miss the quokka. The quokka bites you.
You hit the quokka.
The quokka is heavily wounded.
The quokka bites you.
You miss the quokka.
The quokka is heavily wounded.
The quokka closely misses you. The quokka bites you.
You hit the quokka.
The quokka is severely wounded.
The quokka barely misses you.
You barely miss the quokka. You headbutt the quokka.
You kill the quokka!
You have reached level 2!
Are you sure you want to abandon this character and quit the game? (Confirm with "yes".)

.. .# .# ##### #### .###
##...##...#
...###########..........
.#..........)...........
.############...........
.................†......
................@.......
................).##...#
......>.....[.....# ###
#.................#
####.#...........#
#####.####........#
..... ##..###.## .....
#.. #.# .....


There were no monsters in sight!

Vanquished Creatures
  A ball python (D:1)
  A goblin (D:1)
  A kobold (D:1)
  2 quokkas (D:1)
  2 rats (D:1)
7 creatures vanquished.

Notes
Turn   | Place    | Note
-------+----------+-------------------------------------------
     0 | D:1      | Nedwor the Minotaur Gladiator began the quest for the Orb.
     0 | D:1      | Reached XP level 1. HP: 18/18 MP: 0/0
    67 | D:1      | Reached skill level 4 in Staves
    74 | D:1      | Reached XP level 2. HP: 15/25 MP: 1/1
    74 | D:1      | Quit the game

Illustrated notes

Levels and vault maps discovered:
D:1:      amcnicky_arrival_flooded_fountain, layout_rooms,
          shapermc_ecumenical_altar_petra, minmay_bisected

Skill      XL: |  1 |
---------------+----+-----
Staves         | 4 |  4.1
Fighting       | |  2.7
Throwing       | |  2.0
Dodging        | |  3.2

Action                   || total
-------------------------++-------
Melee: Quarterstaff      ||    11
       Headbutt          ||     1
Armor: Leather armour    ||     4
Dodge: Dodged            ||     7

Table legend: (Time is in decaauts)
 A = Elapsed time spent in this place.
 B = Non-inter-level travel time spent in this place.
 C = Inter-level travel time spent in this place.
 D = Time resting spent in this place.
 E = Time spent auto-exploring this place.
 F = Levels seen in this place.
 G = Mean time per level.
                   A        B        C        D        E       F      G
               +--------+--------+--------+--------+--------+-----+--------+
         Total |     75 |     75 |      0 |      0 |     42 |   1 |   75.0 |
       Dungeon |     75 |     75 |      0 |      0 |     42 |   1 |   75.0 |
               +--------+--------+--------+--------+--------+-----+--------+

Top non-repeatable levels by time:
     D:1: 75 daAuts
